 Dungeon Crawl Stone Soup version 0.25.1-2-g60ff931df9 (webtiles) character file.

Game seed: 6497486777272938959

106 DogServant the Ruffian (level 4, -1/38 HPs)
             Began as a Naga Transmuter on Oct 19, 2020.
             Slain by a crimson imp (3 damage)
             ... on level 3 of the Dungeon.
             The game lasted 00:03:33 (2767 turns).

DogServant the Ruffian (Naga Transmuter)            Turns: 2767, Time: 00:03:33

Health: -1/38      AC:  2    Str: 14    XL:     4   Next: 84%
Magic:  4/7        EV: 10    Int: 13    God:
Gold:   71         SH:  0    Dex: 11    Spells: 4/7 levels left

rFire    . . .     SeeInvis +     - Unarmed
rCold    . . .     Gourm    .   (no shield)
rNeg     . . .     Faith    .   b - +0 robe
rPois    +         Spirit   .   (no helmet)
rElec    .         Reflect  .   (no cloak)
rCorr    .         Harm     .   (no gloves)
MR       .....                  (no barding)
Stlth    +.........             (no amulet)
HPRegen  0.12/turn              (no ring)
MPRegen  0.10/turn              (no ring)

@: appendage, very slow
A: large, horns 2, see invisible, deformed body, poison resistance, slowness 2,
slow metabolism 1, spit poison 1, AC +1
a: Spit Poison, End Transformation


You were on level 3 of the Dungeon.
You were hungry.
You had grown temporary horns.
You visited 1 branch of the dungeon, and saw 3 of its levels.

You collected 71 gold pieces.

Inventory:

Missiles
 a - 47 arrows
 f - 14 poisoned darts
 h - 4 javelins (quivered)
Armour
 b - a +0 robe (worn)
Scrolls
 e - 4 scrolls of identify {unknown}
 k - a scroll of amnesia {unknown}
 n - 2 scrolls of immolation {unknown}
 o - a scroll of enchant weapon {unknown}
 p - a scroll of teleportation {unknown}
Potions
 g - a potion of stabbing
 i - 2 potions of curing
 m - 2 potions of degeneration {unknown}
Comestibles
 c - 2 chunks of flesh
 d - 2 rations


   Skills:
 + Level 1.6 Fighting
 - Level 1.5 Dodging
 + Level 4.3 Unarmed Combat
 - Level 2.0 Spellcasting
 - Level 3.3 Transmutations


You had 4 spell levels left.
You knew the following spells:

 Your Spells              Type           Power        Failure   Level  Hunger
a - Beastly Appendage     Tmut           ##....       6%          1    ##.....
b - Sticks to Snakes      Tmut           ##......     10%         2    ###....

Your spell library contained the following spells:

 Spells                   Type           Power        Failure   Level  Hunger
 Spider Form              Tmut/Pois      #.........   36%         3    ####...
 Ice Form                 Ice/Tmut       #.......     77%         4    #####..
 Blade Hands              Tmut           ##........   87%         5    ######.


Dungeon Overview and Level Annotations

Branches:
Dungeon (3/15)

Altars:
Nemelex Xobeh


Innate Abilities, Weirdness & Mutations

You cannot wear boots.
Your serpentine skin is tough. (AC +1)
You have supernaturally acute eyesight. (SInv)
Armour fits poorly on your strangely shaped body.
Your system is resistant to poisons. (rPois)
You cover ground very slowly.
You have a slow metabolism.
You can spit poison.
You have a pair of horns on your head.


Message History

You hit the crimson imp.
The crimson imp is severely wounded.
The crimson imp hits you.
* * * LOW HITPOINT WARNING * * *
You completely miss the crimson imp.
The crimson imp is heavily wounded.
The crimson imp hits you.
* * * LOW HITPOINT WARNING * * *
The leopard gecko bites you.
* * * LOW HITPOINT WARNING * * *
Okay, then.
Casting: Beastly Appendage (safe; 6% risk of failure)
Confirm with . or Enter, or press ? or * to list all spells.
You create a snake!
You now have 47 arrows.
The crimson imp hits you.
* * * LOW HITPOINT WARNING * * *
The leopard gecko completely misses you.
You hit the crimson imp.
The crimson imp is heavily wounded.
The crimson imp hits you.
You die...

.).......#..#.....#.....
......).................
..##..###...##......#...
......####..............
.......###..#...........
÷.⌠.⌠....#..#...........
((÷_..........).........
÷÷⌠.⌠..##........l......
.......##..##...@.......
......##..####..5...<...
..........# #..S.......
..#.#.#...# #.##..#####
#.........# ..# .##
#.#.#.#.... #.## .#
#.......... #. .. #. #.


You could see a crimson imp, a leopard gecko and a friendly adder.

Vanquished Creatures
  4 adders (D:2)
  An ooze (D:1)
  3 worms
  A dart slug (D:2)
  A leopard gecko (D:1)
  2 ball pythons (D:1)
  3 giant cockroaches
  5 goblins
  5 hobgoblins
  8 jackals
  5 bats
  2 frilled lizards
  7 kobolds
  9 rats
56 creatures vanquished.

Notes
Turn   | Place    | Note
-------+----------+-------------------------------------------
     0 | D:1      | DogServant the Naga Transmuter began the quest for the Orb.
     0 | D:1      | Reached XP level 1. HP: 18/18 MP: 3/3
   213 | D:1      | Reached XP level 2. HP: 5/25 MP: 3/5
   592 | D:1      | Learned a level 2 spell: Sticks to Snakes
  1036 | D:1      | Reached XP level 3. HP: 28/31 MP: 4/6
  1710 | D:2      | Reached XP level 4. HP: 38/38 MP: 5/7
  1718 | D:2      | Reached skill level 4 in Unarmed Combat
  2459 | D:3      | Found a sparkling altar of Nemelex Xobeh.
  2767 | D:3      | Slain by a crimson imp

Illustrated notes

Levels and vault maps discovered:
D:1:      arrival_zaba_pyramid, layout_loops_ring
D:2:      minmay_inner_zag, layout_basic
D:3:      layout_rooms, lemuel_crystal_altar, serial_glass, glass_columns_b,
          glass_columns_a, nemelex_xobeh_ov_fountains_minmay

Skill      XL: |  1  2  3  4 |
---------------+-------------+-----
Transmutations | 3 |  3.3
Unarmed Combat | 4 |  4.3
Fighting       | |  1.6
Dodging        | |  1.5
Spellcasting   | |  2.0

Action                   |  1- 3 |  4- 6 || total
-------------------------+-------+-------++-------
Melee: Unarmed           |    81 |    83 ||   164
       Headbutt          |    11 |     4 ||    15
       Punch             |       |     1 ||     1
Throw: Dart              |     2 |       ||     2
 Cast: Beastly Appendage |    11 |    12 ||    23
       Sticks to Snakes  |       |     1 ||     1
 Abil: Spit Poison       |    10 |     8 ||    18
  Use: Potion            |       |     4 ||     4
       Scroll            |       |     1 ||     1
  Eat: Chunk             |     2 |     3 ||     5
Armor: Robe              |    11 |    24 ||    35
Dodge: Dodged            |    41 |    59 ||   100
